 Dungeon Crawl Stone Soup version 0.29-a0-322-g68df515428 (webtiles) character file.

Game seed: 5807383000192800552

20 spiderkeys the Ducker (level 2, -6/16 HPs)
             Began as a Spriggan Abyssal Knight on Apr 10, 2022.
             Was a Believer of Lugonu.
             Killed from afar by an orc wizard (11 damage)
             ... with a puff of flame
             ... on level 2 of the Dungeon.
             The game lasted 00:02:39 (1902 turns).

spiderkeys the Ducker (Spriggan Abyssal Knight)     Turns: 1902, Time: 00:02:40

Health: -6/16      AC:  2    Str:  9    XL:     2   Next: 58%
Magic:  4/4        EV: 18    Int: 11    God:    Lugonu [**....]
Gold:   59         SH:  0    Dex: 15    Spells: 1/3 levels left

rFire   . . .      SeeInvis +   a - +1 short sword
rCold   . . .      Faith    .   (no shield)
rNeg    . . .      Spirit   .   b - +0 robe
rPois   .          Reflect  .   (helmet restricted)
rElec   .          Harm     .   (no cloak)
rCorr   .          Rampage  .   (gloves unavailable)
Will    .....                   (boots unavailable)
Stlth   +.........              (no amulet)
HPRegen 0.05/turn               (no ring)
MPRegen 0.09/turn               (no ring)

@: very quick
A: very small, no large weapons, unfitting armour, see invisible, speed 3
a: Renounce Religion, Depart the Abyss, Bend Space


You were on level 2 of the Dungeon.
You worshipped Lugonu.
Lugonu was pleased with you.
You visited 1 branch of the dungeon, and saw 2 of its levels.
You visited the Abyss 1 time.

You collected 59 gold pieces.


Innate Abilities, Weirdness & Mutations

You are very small and have problems with some larger weapons.
You are too small for most types of armour.
You have supernaturally acute eyesight. (SInv)
You cover ground extremely quickly. (Speed+++)


   Skills:
 + Level 2.6 Fighting
 + Level 2.5 Short Blades
 + Level 3.6 Dodging
 + Level 1.1 Spellcasting
 + Level 0.3 Poison Magic
 - Level 1.7 Invocations


You had one spell level left.
You knew the following spells:

 Your Spells              Type           Power      Damage    Failure   Level
p - Poisonous Vapours     Pois/Air       2%         N/A       41%         2

Your spell library contained the following spells:

 Spells                   Type           Power      Damage    Failure   Level
 Corpse Rot               Necr/Air       0%         N/A       43%         2
 Gell's Gravitas          Tloc           0%         N/A       67%         3
 Lesser Beckoning         Tloc           0%         N/A       67%         3
 Teleport Other           Tloc           0%         N/A       67%         3

Inventory:

Hand Weapons
 a - a +1 short sword (weapon)
Missiles
 g - 14 stones
Armour
 b - a +0 robe (worn)
 c - a +0 robe
   (You found it on level 1 of the Dungeon)
 j - a +0 robe
   (You found it on level 1 of the Dungeon)
Magical Staves
 f - a staff of death {!a}
   (You found it on level 1 of the Dungeon)
Scrolls
 d - a scroll of acquirement {unknown}
 i - a scroll of silence {unknown}
Potions
 e - a potion of haste {unknown}
 h - a potion of attraction {unknown}
 k - a potion of curing {unknown}

Dungeon Overview and Level Annotations

Branches:
Dungeon (2/15)

Altars:

.# #..##.##.##o## .#
#...#........ .#
....>...##..## .#
##.#.###.##..# .# #.#.#
#.##†.# .# #.#.# #.##..#
.# #.#.# #.##..#
.########.#.###.##oo#####
................@oo.......
.........#.####.##.###.###
########.#.# #.##.# # #
#.#.# #.##.# #.#.# ...#.#
#.#.. ...#.# #.#.. .......
#.##. #####..


You could see an orc wizard and 3 orcs.


Message History

There is a stone staircase leading down here.
You climb downwards.
Found a stone staircase leading down.
There is a stone staircase leading up here.
Found a stone staircase leading down.
k - an emerald potion
Found a stone staircase leading up.
There is a stone staircase leading up here.
A kobold comes into view. It is wielding a +0 club.
The kobold moves out of view.
A kobold is nearby!
The kobold completely misses you.
You miss the kobold. The kobold barely misses you.
You barely miss the kobold. The kobold closely misses you.
You hit the kobold.
You kill the kobold!
Lugonu accepts your kill.
No target in view!
No target in view!
Things that are here:
a +0 club; a kobold corpse A worm comes into view.
An endoplasm comes into view.
There are monsters nearby!
You hit the worm but do no damage. The worm bites you. 😮 HP[-6]
You take 6 damage, and now have 10/16 hp.
MASSIVE DAMAGE!! (PAUSE)
You hit the worm. The worm closely misses you.
You hit the worm. You hit the worm. The worm misses you.
You hit the worm.
You kill the worm!
Lugonu accepts your kill.
You see here a worm corpse.
Key pressed, stopping explore.
An endoplasm is nearby!
An endoplasm is nearby!
An endoplasm is nearby!
An endoplasm is nearby! 😕 HP[+3]
You regained 3 hp, and now have 13/16 hp.
The endoplasm quivers.
You hit the endoplasm. The endoplasm freezes you.
You are frozen. 😮 HP[-4]
You take 4 damage, and now have 9/16 hp.
MASSIVE DAMAGE!! (PAUSE)
You puncture the endoplasm!
You kill the endoplasm!
Lugonu accepts your kill.
Key pressed, stopping explore.
An orc wizard comes into view. It is wielding a +0 dagger. 😮 HP[+3]
You regained 3 hp, and now have 12/16 hp.
An orc wizard is nearby!
An orc wizard is nearby!
An orc wizard is nearby!
You are too injured to fight recklessly!
You are too injured to fight recklessly!
You are too injured to fight recklessly!
Unknown command.
Things that are here:
a +0 club; a kobold corpse You start resting.
An orc wizard is nearby! 😕 HP[+1]
Things that are here:
a +0 club; a kobold corpse You hit the orc wizard.
The orc wizard hits you with a +0 dagger. 😮 HP[-3]
You take 3 damage, and now have 10/16 hp.
You barely miss the orc wizard. The orc wizard completely misses you.
You closely miss the orc wizard.
The orc wizard hits you with a +0 dagger.
* * * LOW HITPOINT WARNING * * *
😨 HP[-3]
You take 3 damage, and now have 7/16 hp.
You barely miss the orc wizard.
An orc comes into view. It is wielding a +0 club.
The orc wizard closely misses you.
You closely miss the orc wizard.
The orc shouts!
You hear a shout! x2
The orc wizard completely misses you.
An orc comes into view. It is wielding a +0 club.
You closely miss the orc wizard. The orc wizard closely misses you.
You hit the orc wizard.
An orc comes into view. It is wielding a +0 hand axe.
The orc wizard hits you with a +0 dagger.
* * * LOW HITPOINT WARNING * * *
😱 HP[-3]
You take 3 damage, and now have 4/16 hp.
You hit the orc wizard but do no damage.
The orc wizard completely misses you.
You hit the orc wizard. The orc wizard casts a spell at you.
The puff of flame hits you!
Ouch! That really hurt!
You die...

Skill      XL: |  1  2 |
---------------+-------+-----
Spellcasting   | 1 |  1.1
Fighting       | |  2.6
Short Blades   | |  2.5
Dodging        | |  3.6
Poison Magic   | |  0.3
Invocations    | |  1.7

Action                   || total
-------------------------++-------
Melee: Short sword       ||    54
 Stab: Sleeping          ||     1
Armor: Robe              ||     1
Dodge: Dodged            ||    28

Levels and vault maps discovered:
D:1:      eino_arrival_cavern_a, layout_rooms
D:2:      layout_loops_ring

Notes
Turn   | Place    | Note
-------+----------+-------------------------------------------
     0 | Abyss:1  | spiderkeys the Spriggan Abyssal Knight began the quest for
                  | the Orb.
     0 | Abyss:1  | Reached XP level 1. HP: 11/11 MP: 3/3
     0 | Abyss:1  | magus.rc [v1.11.3]
    78 | Abyss:1  | Found a corrupted altar of Lugonu.
   137 | Abyss:1  | Found a corrupted altar of Lugonu.
   281 | D:1      | You pass through the gate.
   281 | D:1      | Escaped the Abyss
   315 | D:1      | You pick up a book of Vapours and begin reading...
   315 | D:1      | You add the spells Poisonous Vapours and Corpse Rot to your
                  | library.
   321 | D:1      | You pick up a book of Vapours and begin reading...
   353 | D:1      | HP: 2/11 [frozen (4)]
   984 | D:1      | You pick up a book of Displacement and begin reading...
   984 | D:1      | You add the spells Lesser Beckoning, Gell's Gravitas and
                  | Teleport Other to your library.
  1047 | D:1      | Reached XP level 2. HP: 5/16 MP: 4/4
  1090 | D:1      | Learned a level 2 spell: Poisonous Vapours
  1267 | D:1      | Reached skill level 1 in Spellcasting
  1900 | D:2      | HP: 4/16 [orc wizard/+0 dagger (3)]
  1902 | D:2      | Killed from afar by an orc wizard

Vanquished Creatures
  A worm (D:2)
  A dart slug (D:1)
  3 endoplasms
  4 hobgoblins (D:1)
  A quokka (D:1)
  3 frilled lizards (D:1)
  A kobold (D:2)
14 creatures vanquished.

Table legend:
 A = Non-vault XP
 B = Vault XP
 C = Vault XP percentage of total XP
 D = Non-vault monster count
 E = Vault monster count
 F = Vault count percentage of total count
                 A         B        C        D         E       F
            +---------+---------+-------+---------+---------+-------
      Total |      29 |       0 |   0.0 |      14 |       0 |   0.0
            +---------+---------+-------+---------+---------+-------
        D:1 |      21 |       0 |   0.0 |      11 |       0 |   0.0
        D:2 |       8 |       0 |   0.0 |       3 |       0 |   0.0
            +---------+---------+-------+---------+---------+-------

Illustrated notes

Table legend:
 A = Kills in this place as a percentage of kills in entire the game.
 B = Kills by you in this place as a percentage of kills by you in the entire game.
 C = Kills by friends in this place as a percentage of kills by friends in the entire game.
 D = Other kills in this place as a percentage of other kills in the entire game.
 E = Experience gained in this place as a percentage of experience gained in the entire game.
 F = Experience gained in this place divided by the number of levels of this place that you have seen.
                   A       B       C       D       E      F
               +-------+-------+-------+-------+-------+----------------------
         Total | 100.0 | 100.0 |   N/A |   N/A | 100.0 |   9.7
       Dungeon | 100.0 | 100.0 |   N/A |   N/A | 100.0 |  14.5
               +-------+-------+-------+-------+-------+----------------------

Table legend: (Time is in decaauts)
 A = Elapsed time spent in this place.
 B = Non-inter-level travel time spent in this place.
 C = Inter-level travel time spent in this place.
 D = Time resting spent in this place.
 E = Time spent auto-exploring this place.
 F = Levels seen in this place.
 G = Mean time per level.
                   A        B        C        D        E       F      G
               +--------+--------+--------+--------+--------+-----+--------+
         Total |   1519 |   1503 |     16 |    358 |    919 |   3 |  506.3 |
       Dungeon |   1350 |   1334 |     16 |    358 |    755 |   2 |  675.0 |
         Abyss |    169 |    169 |      0 |      0 |    163 |   1 |  169.0 |
               +--------+--------+--------+--------+--------+-----+--------+

Top non-repeatable levels by time:
     D:1: 1141 daAuts
     D:2: 209 daAuts
 Abyss:1: 169 daAuts
